 Dungeon Crawl Stone Soup version 0.31-a0-1424-g2add1c7226 (webtiles) character file.

Game seed: 16903670312506484004

8626 Xavori the Ducker (level 11, -5/79 HPs)
             Began as a Djinni Chaos Knight on Dec 26, 2023.
             Was a Plaything of Xom.
             Slain by a quicksilver ooze (13 damage)
             ... on level 11 of the Dungeon.
             The game lasted 00:19:58 (15194 turns).

Xavori the Ducker (Djinni Chaos Knight)            Turns: 15194, Time: 00:19:59

Health: -5/79      AC: 10    Str: 10    XL:     11   Next: 59%
Gold:   1289       EV:  8    Int: 18    God:    Xom [*.....] SH:  0 Dex: 18

rFire   + + .        D - +9 staff of Olgreb {rPois∞}
rCold   x . .        o - +3 buckler
rNeg    . . .        b - +2 leather armour
rPois   ∞            (no helmet)
rElec   .            H - +0 cloak
rCorr   +            f - +0 pair of gloves
SInv    +            (boots unavailable)
Will    +....        (no amulet)
Stlth   ++           r - ring of resist corrosion
HPRegen 0.33/turn    (no ring)
MPRegen 0.00/turn

%: infuse magic (-6 HP)
@: about to teleport, engulfed, flying, held, slowed, very slow
A: sickness immunity, fire resistance 2, cold vulnerability 1, float, innate
caster, HP casting, extra vitality 1, claws 1, iridescent scales 1, thin
skeletal structure 1, see invisible, clever 1, MP-powered wands
a: Renounce Religion, Evoke the Staff of Olgreb


You were on level 11 of the Dungeon.
You worshipped Xom.
You were a special plaything of Xom.
You visited 1 branch of the dungeon, and saw 11 of its levels.

You collected 1289 gold pieces.

Inventory:

Hand Weapons
 a - a +0 falchion of chaos
 h - a +2 dagger of electrocution
 D - the +9 staff of Olgreb (weapon) {rPois∞}
   (You acquired it on level 9 of the Dungeon)

   Radiate:   It can be activated via the 'a'bility menu to radiate toxic
   energy, with effectiveness depending on Evocations skill.
   Alch:      It enhances your alchemy magic.
   rPois∞: It grants immunity to poison.
 F - the +6 Majin-Bo {spellvamp, MP+6 Int+6}
   (Xom gifted it to you on level 9 of the Dungeon)

   Int+6:     It affects your intelligence (+6).
   MP+6:      It affects your magic capacity (+6).
Missiles
 E - 2 throwing nets
Armour
 b - a +2 leather armour (worn)
 f - a +0 pair of gloves (worn)
 o - a +3 buckler (worn)
 H - a +0 cloak (worn)
Jewellery
 r - a ring of resist corrosion (left hand)
Talismans
 g - a beast talisman
Wands
 l - a wand of charming (26)
 p - a wand of polymorph (11)
 x - a wand of mindburst (14)
 C - a wand of iceblast (12)
Scrolls
 c - a scroll of butterflies
 i - 3 scrolls of silence
 j - a scroll of amnesia
 n - 2 scrolls of teleportation
 t - a scroll of summoning
 y - 2 scrolls of enchant armour
 z - 2 scrolls of fog
 B - a scroll of revelation
 G - 4 scrolls of identify
Potions
 d - a potion of degeneration {unknown}
 e - a potion of haste
 k - 5 potions of curing {unknown}
 m - 3 potions of mutation {unknown}
 q - a potion of invisibility {unknown}
 s - 3 potions of heal wounds {unknown}
 u - a potion of cancellation {unknown}
 v - 3 potions of attraction {unknown}
 w - a potion of lignification {unknown}
 A - a potion of might {unknown}
 I - a potion of magic {unknown}
 K - 2 potions of brilliance {unknown}
 L - a potion of berserk rage {unknown}


   Skills:
 + Level 7.1 Fighting
 - Level 6.1 Long Blades
 * Level 2.8 Staves
 + Level 6.5 Armour
 + Level 7.4 Dodging
 - Level 6.0 Shields
 * Level 6.3 Spellcasting
 * Level 6.3 Conjurations
 * Level 6.3 Hexes
   Level 0.0 Charms
 * Level 6.3 Summonings
 * Level 6.3 Necromancy
 * Level 6.3 Translocations
   Level 0.0 Transmutations
 * Level 6.3 Fire Magic
 * Level 6.3 Ice Magic
 * Level 6.3 Air Magic
 * Level 6.3 Earth Magic
 * Level 6.3 Alchemy
 * Level 3.7 Evocations
 - Level 1.2 Shapeshifting


You knew the following spells:

 Your Spells              Type           Power      Damage    Failure   Level
a - Magic Dart            Conj           100%       1d8       1%          1
b - Lesser Beckoning      Tloc           56%        N/A       2%          2
c - Teleport Other        Tloc           28%        N/A       4%          3
d - Ozocubu's Armour      Ice            28%        N/A       4%          3
e - Ignite Poison         Fire/Alch      42%        N/A       16%         4
Your spell library was empty.

Dungeon Overview and Level Annotations

Branches:
Dungeon (11/15)            Temple (0/1) D:7            Lair (0/5) D:11
    Orc (0/2) D:11

Altars:
Dithmenos
Fedhas
Xom

Shops:
D:2 =   D:7 :


Innate Abilities, Weirdness & Mutations

You are immune to sickness and miasma.
You are immune to poison.
Your flesh is very heat resistant. (rF++)
You are vulnerable to cold. (rC-)
You float through the air rather than walking.
You learn spells naturally, not from books.
Your magical power is your life essence.
You have superior vitality. (+4 MHP)
You have sharp fingernails.
You are partially covered in iridescent scales. (AC +2)
You have a somewhat thin skeletal structure. (Dex +2, Stealth+)
You have supernaturally acute eyesight. (SInv)
Your mind is acute. (Int +4, Str/Dex -1)
You expend health (3 HP) to strengthen your wands.


Message History

The quicksilver ooze hits you but does no damage.
The quicksilver ooze is engulfed in seething chaos.
The quicksilver ooze seems to speed up.
The quicksilver ooze hits you. The quicksilver ooze engulfs you!
The quicksilver ooze hits you.
Unknown command.
As you read the scroll labelled ISECUA ACAOVVE, it crumbles to dust.
It is a scroll of enchant weapon.
Your +1 dagger of electrocution glows red for a moment.
You are engulfed in seething chaos.
The you hits you.
You are caught in a web!
Your toxic aura wanes.
The quicksilver ooze is engulfed in seething chaos.
The quicksilver ooze hits you. x2
The quicksilver ooze is engulfed in seething chaos.
The quicksilver ooze closely misses you.
The quicksilver ooze hits you.
The quicksilver ooze is engulfed in seething chaos.
The quicksilver ooze hits you. The quicksilver ooze barely misses you.
Unknown command.
As you read the scroll of teleportation, it crumbles to dust.
You feel strangely unstable.
You are engulfed in seething chaos.
The quicksilver ooze is engulfed in seething chaos.
The quicksilver ooze seems to slow down.
The quicksilver ooze hits you!
* * * LOW HITPOINT WARNING * * *
The quicksilver ooze hits you.
* * * LOW HITPOINT WARNING * * *
The quicksilver ooze is engulfed in seething chaos.
The quicksilver ooze hits you.
* * * LOW HITPOINT WARNING * * *
The quicksilver ooze hits you but does no damage.
The quicksilver ooze is engulfed in seething chaos.
The quicksilver ooze hits you!
* * * LOW HITPOINT WARNING * * *
The quicksilver ooze hits you.
* * * LOW HITPOINT WARNING * * *
The quicksilver ooze is engulfed in seething chaos.
The quicksilver ooze shakes off its lethargy.
The quicksilver ooze flies into a frenzy!
The quicksilver ooze hits you!
You die...

#.# #.. #.# #.. #.# #..
# #.# ### #.. #.#.. ..#
### ###'######.# #
#.....#....# #
#..≈.§###..#############
+.≈⌠≈§J@................
#..≈.§#§..#########.....
#.....##### #..[..
###'## #..... #. #....)
# ###.## #.# #.# #.#


You could see a neutral quicksilver ooze (fast, strong, frenzied, weak).

Vanquished Creatures
  A centaur warrior (D:9)
  A two-headed ogre (D:10)
  A deep elf pyromancer (D:10)
  A kobold demonologist (D:9)
  A troll (D:9)
  A hornet (D:10)
  A glass eye (D:7)
  A blink frog (D:11)
  2 yaks (D:9)
  A wyvern (D:8)
  2 shadows
  2 vampire mosquitoes (D:11)
  A water moccasin (D:6)
  3 orc warriors
  2 sky beasts (D:8)
  2 ice beasts (D:7)
  A black bear (D:4)
  3 centaurs
  A lemure (D:7)
  4 bullfrogs
  4 kobold brigands
  4 gnoll sergeants
  2 scorpions
  8 killer bees
  6 howler monkeys
  5 bombardier beetles
  4 jellies
  A quasit (D:6)
  3 hounds
  8 orc priests
  A gnoll bouda (D:7)
  4 iguanas
  11 orc wizards
  7 adders
  24 gnolls
  3 shadow imps
  A worm (D:4)
  2 dart slugs
  28 orcs
  6 ball pythons
  5 bats
  6 endoplasms
  6 giant cockroaches
  9 goblins
  11 hobgoblins
  4 quokkas
  15 frilled lizards
  17 kobolds
  10 rats
247 creatures vanquished.

Vanquished Creatures (collateral kills)
  A merfolk (D:9)
  Grinder (D:3)
  Sigmund (D:3)
  2 yaks (D:9)
  A centaur (shapeshifter) (D:7)
  2 lemures (D:7)
  2 killer bees
  2 gnolls
  An orc (D:5)
13 creatures vanquished.

Vanquished Creatures (others)
  A kobold brigand (D:9)
  A gnoll (D:7)
  3 kobolds
5 creatures vanquished.

Grand Total: 265 creatures vanquished

Notes
Turn   | Place    | Note
-------+----------+-------------------------------------------
     0 | D:1      | Xavori the Djinni Chaos Knight began the quest for the Orb.
     0 | D:1      | Reached XP level 1. HP: 20/20 MP: 0/0
    92 | D:1      | Reached XP level 2. HP: 22/25 MP: 0/0
   139 | D:1      | XOM: silly message
   466 | D:1      | Reached XP level 3. HP: 30/30 MP: 0/0
   466 | D:1      | Learned a level 1 spell: Magic Dart
   484 | D:1      | You are sucked into a shaft and drop 1 floor!
   526 | D:2      | XOM: noise
   527 | D:2      | Reached skill level 1 in Spellcasting
   527 | D:2      | Reached skill level 1 in Conjurations
   527 | D:2      | Reached skill level 1 in Hexes
   527 | D:2      | Reached skill level 1 in Summonings
   527 | D:2      | Reached skill level 1 in Necromancy
   527 | D:2      | Reached skill level 1 in Translocations
   527 | D:2      | Reached skill level 1 in Fire Magic
   527 | D:2      | Reached skill level 1 in Ice Magic
   527 | D:2      | Reached skill level 1 in Air Magic
   527 | D:2      | Reached skill level 1 in Earth Magic
   527 | D:2      | Reached skill level 1 in Alchemy
   568 | D:2      | Reached XP level 4. HP: 35/35 MP: 0/0
   915 | D:1      | Found a faded altar of an unknown god.
  1015 | D:2      | Reached skill level 1 in Shapeshifting
  1219 | D:1      | XOM: scenery: summon butterflies
  1728 | D:1      | XOM: give mutations
  1728 | D:1      | Gained mutation: Your mind is acute. (Int +4, Str/Dex -1)
                  | [Xom's grace]
  1728 | D:1      | Gained mutation: You have a pair of small horns on your
                  | head. [Xom's grace]
  1836 | D:1      | XOM: god gift: 36 gold pieces
  2901 | D:1      | XOM: cloud trail
  2968 | D:1      | XOM: god gift: 697 gold pieces
  3193 | D:1      | XOM: cloud trail
  4101 | D:1      | XOM: give mutation
  4101 | D:1      | Gained mutation: Potions are less effective at restoring
                  | your health. [Xom's mischief]
  4151 | D:1      | XOM: give mutations
  4151 | D:1      | Lost mutation: You have a pair of small horns on your head.
                  | [Xom's mischief]
  4151 | D:1      | Gained mutation: You are partially covered in iridescent
                  | scales. (AC +2) [Xom's mischief]
  4151 | D:1      | Gained mutation: You are mostly covered in iridescent
                  | scales. (AC +4) [Xom's mischief]
  4264 | D:1      | XOM: summons 3 hostile demons
  4265 | D:1      | Noticed a smoke demon
  4279 | D:2      | XOM: scenery: create altars
  4285 | D:2      | XOM: polymorph hobgoblin -> ball python
  4364 | D:2      | Found Huqof Uhups's Jewellery Boutique.
  4632 | D:2      | XOM: 2-stop teleportation journey
  4778 | D:3      | Reached XP level 5. HP: 26/40 MP: 0/0
  4778 | D:3      | Learned a level 2 spell: Lesser Beckoning
  4864 | D:3      | XOM: 1-stop teleportation journey
  5089 | D:3      | XOM: scenery: 1 doors close
  5119 | D:3      | Noticed Sigmund
  5126 | D:3      | Killed Sigmund
  5127 | D:3      | Reached skill level 1 in Shields
  5127 | D:3      | Reached XP level 6. HP: 37/47 MP: 0/0
  5144 | D:3      | XOM: 2-stop teleportation journey
  5146 | D:3      | Noticed Grinder
  5153 | D:3      | Killed Grinder
  5154 | D:3      | Reached XP level 7. HP: 49/52 MP: 0/0
  5154 | D:3      | Learned a level 3 spell: Teleport Other
  5216 | D:3      | XOM: cloud trail
  5405 | D:3      | XOM: give mutation
  5405 | D:3      | Lost mutation: You are mostly covered in iridescent scales.
                  | (AC +4) [Xom's mischief]
  5496 | D:4      | XOM: stealth player
  5634 | D:4      | XOM: blink monster(s)
  5797 | D:4      | Reached XP level 8. HP: 55/58 MP: 0/0
  5926 | D:4      | XOM: noise
  6012 | D:4      | XOM: god gift: 2 javelins
  6272 | D:4      | XOM: chaos cloud
  6431 | D:4      | XOM: noise
  6712 | D:4      | XOM: silly message
  6829 | D:4      | XOM: give mutations
  6829 | D:4      | Gained mutation: You expend health (3 HP) to strengthen
                  | your wands. [Xom's grace]
  6829 | D:4      | Gained mutation: Your spells are a little harder to cast,
                  | but a little more powerful. [Xom's grace]
  6929 | D:5      | Entered Level 5 of the Dungeon
  7002 | D:5      | XOM: 2-stop teleportation journey
  7392 | D:5      | XOM: 3-stop teleportation journey
  7772 | D:5      | XOM: summons 4 hostile shadow creatures
  7962 | D:6      | XOM: 1-stop teleportation journey
  8150 | D:6      | Reached skill level 5 in Fighting
  8150 | D:6      | Reached XP level 9. HP: 64/65 MP: 0/0
  8150 | D:6      | Learned a level 3 spell: Ozocubu's Armour
  8305 | D:6      | Reached skill level 5 in Dodging
  8444 | D:6      | Found a blossoming altar of Fedhas.
  8596 | D:7      | Found Kuxka's Book Shop.
  9197 | D:7      | Noticed a hornet
  9309 | D:7      | a hornet changed into a glass eye
  9309 | D:7      | Noticed a glass eye
  9309 | D:7      | XOM: polymorph hornet -> glass eye
  9329 | D:7      | Killed a glass eye
  9330 | D:7      | Reached skill level 5 in Long Blades
  9363 | D:7      | XOM: noise
  9376 | D:7      | Noticed Pikel
  9405 | D:7      | Pikel changed into Pikel the shapeshifter
  9405 | D:7      | XOM: polymorph Pikel -> Pikel the shapeshifter
  9415 | D:7      | XOM: summons friendly iron imp
  9418 | D:7      | XOM: noise
  9611 | D:7      | Found a staircase to the Ecumenical Temple.
  9996 | D:8      | XOM: enchant monster (bad)
 10000 | D:8      | XOM: confusion (+ monsters)
 10014 | D:8      | Reached skill level 5 in Armour
 10014 | D:8      | Reached XP level 10. HP: 28/72 MP: 0/0
 10020 | D:8      | XOM: blink monster(s)
 10269 | D:8      | Found a shadowy altar of Dithmenos.
 10289 | D:8      | Reached skill level 5 in Spellcasting
 10289 | D:8      | Reached skill level 5 in Conjurations
 10289 | D:8      | Reached skill level 5 in Hexes
 10289 | D:8      | Reached skill level 5 in Summonings
 10289 | D:8      | Reached skill level 5 in Necromancy
 10289 | D:8      | Reached skill level 5 in Translocations
 10289 | D:8      | Reached skill level 5 in Fire Magic
 10289 | D:8      | Reached skill level 5 in Ice Magic
 10289 | D:8      | Reached skill level 5 in Air Magic
 10289 | D:8      | Reached skill level 5 in Earth Magic
 10289 | D:8      | Reached skill level 5 in Alchemy
 10492 | D:8      | XOM: chaos cloud
 10911 | D:8      | XOM: draining
 11194 | D:8      | XOM: god gift: 56 gold pieces
 11277 | D:9      | XOM: smoke on damage
 11342 | D:9      | XOM: enchant monster (good)
 11527 | D:9      | Reached skill level 5 in Shields
 11650 | D:9      | XOM: silly message
 11655 | D:9      | Noticed a centaur warrior
 11657 | D:9      | XOM: potion effect (curing)
 11666 | D:9      | XOM: summons friendly white imp
 11674 | D:9      | Killed a centaur warrior
 11675 | D:9      | Reached skill level 1 in Evocations
 11753 | D:9      | XOM: 7-stop teleportation journey
 11820 | D:9      | Noticed a kobold demonologist
 11834 | D:9      | Noticed a sixfirhy
 11837 | D:9      | XOM: destruction
 11847 | D:9      | Noticed an ice devil
 11847 | D:9      | XOM: 1-stop teleportation journey
 12088 | D:9      | Noticed an ice devil
 12126 | D:9      | Noticed a rust devil
 12128 | D:9      | Killed a kobold demonologist
 12181 | D:9      | XOM: scenery: 1 doors open
 12189 | D:9      | XOM: cleaving
 12199 | D:9      | XOM: destruction
 12208 | D:9      | XOM: summons 2 friendly demons
 12215 | D:9      | XOM: cast spell 'Discord'
 12227 | D:9      | Reached XP level 11. HP: 26/78 MP: 0/0
 12227 | D:9      | Learned a level 4 spell: Ignite Poison
 12462 | D:9      | XOM: enchant monster (good)
 12644 | D:9      | XOM: summons 8 friendly demons
 12672 | D:9      | Identified a scroll of acquirement
 12672 | D:9      | Acquired the +9 staff of Olgreb {rPois∞}
 12672 | D:9      | Found the +9 staff of Olgreb {rPois∞}
 12777 | D:9      | XOM: god gift: +6 Majin-Bo {spellvamp, MP+6 Int+6}
 12778 | D:9      | Found the +6 Majin-Bo {spellvamp, MP+6 Int+6}
 12829 | D:9      | XOM: give mutations
 12829 | D:9      | Gained mutation: You are mostly covered in iridescent
                  | scales. (AC +4) [Xom's grace]
 12829 | D:9      | Gained mutation: You have supernaturally acute eyesight.
                  | (SInv) [Xom's grace]
 12829 | D:9      | Gained mutation: You have a somewhat thin skeletal
                  | structure. (Dex +2, Stealth+) [Xom's grace]
 13001 | D:9      | XOM: scenery: 1 doors close
 13215 | D:9      | Reached skill level 1 in Staves
 13233 | D:9      | XOM: noise
 13299 | D:9      | XOM: summons 1 hostile demon
 13338 | D:10     | Entered Level 10 of the Dungeon
 13342 | D:10     | XOM: 2-stop teleportation journey
 13436 | D:10     | XOM: give mutations
 13436 | D:10     | Lost mutation: You are mostly covered in iridescent scales.
                  | (AC +4) [Xom's mischief]
 13436 | D:10     | Gained mutation: You have sharp fingernails. [Xom's
                  | mischief]
 13436 | D:10     | Lost mutation: Your spells are a little harder to cast, but
                  | a little more powerful. [Xom's mischief]
 13436 | D:10     | Lost mutation: Potions are less effective at restoring your
                  | health. [Xom's mischief]
 13466 | D:10     | XOM: torment (35/78 hp)
 13618 | D:10     | Noticed a two-headed ogre
 13623 | D:10     | Killed a two-headed ogre
 13885 | D:10     | XOM: summons 1 hostile demon
 14124 | D:10     | XOM: silly message
 14318 | D:10     | Noticed a deep elf pyromancer
 14324 | D:10     | Killed a deep elf pyromancer
 14774 | D:11     | Found a staircase to the Orcish Mines.
 14774 | D:11     | Noticed a manticore
 14775 | D:11     | a manticore changed into a blink frog
 14775 | D:11     | XOM: polymorph manticore -> blink frog
 14962 | D:11     | Found a staircase to the Lair.
 14991 | D:11     | XOM: 3-stop teleportation journey
 15188 | D:11     | Noticed a boulder beetle
 15189 | D:11     | XOM: chaos cloud
 15191 | D:11     | a boulder beetle changed into a quicksilver ooze
 15191 | D:11     | Noticed a quicksilver ooze
 15191 | D:11     | XOM: polymorph boulder beetle -> quicksilver ooze
 15194 | D:11     | Slain by a quicksilver ooze

Illustrated notes

Levels and vault maps discovered:
D:1:      wander_arrival_estate, layout_loops_ring,
          dreamdust_ecumenical_altar_angels_and_demons
D:2:      minmay_angry_zag, layout_loops_cross, serial_shops, shop
D:3:      layout_basic, uniq_sigmund, uniq_grinder
D:4:      layout_gridville, nrook_mini_backslash
D:5:      cheibrodos_quashed, layout_gridville
D:6:      layout_cave_pools, fedhas_altar_4, vehumet_crystals,
          minmay_lizard_king
D:7:      layout_gridville, temple_pool_b, serial_shops, nicolae_square_shop,
          uniq_pikel
D:8:      layout_gridville, mainiacjoe_overflow_paths
D:9:      layout_irregular_city, hangedman_fish_farm
D:10:     layout_layer_cave, mainiacjoe_overflow_tiny_flanked
D:11:     layout_loops_ring, orc_0_dummy, kennysheep_generic_room_13

Skill      XL: |  1  2  3  4  5  6  7  8  9 10 11 |
---------------+----------------------------------+-----
Spellcasting   | 1 2 3 4 5 6 |  6.3
Conjurations   | 1 2 3 4 5 6 |  6.3
Hexes          | 1 2 3 4 5 6 |  6.3
Summonings     | 1 2 3 4 5 6 |  6.3
Necromancy     | 1 2 3 4 5 6 |  6.3
Translocations | 1 2 3 4 5 6 |  6.3
Fire Magic     | 1 2 3 4 5 6 |  6.3
Ice Magic      | 1 2 3 4 5 6 |  6.3
Air Magic      | 1 2 3 4 5 6 |  6.3
Earth Magic    | 1 2 3 4 5 6 |  6.3
Alchemy        | 1 2 3 4 5 6 |  6.3
Long Blades    | 3 4 5 6 |  6.1
Shapeshifting  | 1 |  1.2
Armour         | 2 3 4 5 6 |  6.5
Dodging        | 3 4 5 6 7 |  7.4
Shields        | 1 2 3 4 5 6 |  6.0
Fighting       | 4 5 6 7 |  7.1
Evocations     | 1 3 |  3.7
Staves         | 2 |  2.8

Action                     |  1- 3 |  4- 6 |  7- 9 | 10-12 || total
---------------------------+-------+-------+-------+-------++-------
  Melee: Falchion          |    94 |   139 |   506 |   280 ||  1019
         Punch             |       |     1 |       |       ||     1
         Unarmed           |       |       |     2 |       ||     2
         Staff             |       |       |       |    89 ||    89
   Cast: Magic Dart        |       |       |     4 |       ||     4
         Ozocubu's Armour  |       |       |     8 |    12 ||    20
         Ignite Poison     |       |       |       |    15 ||    15
Ability: Evoke the Staff o |       |       |       |    19 ||    19
    Use: Scroll            |       |     1 |    10 |     6 ||    17
         Potion            |       |       |       |     1 ||     1
   Stab: Sleeping          |       |     2 |     3 |       ||     5
         Distracted        |       |     1 |       |     2 ||     3
         Petrified         |       |       |     1 |       ||     1
         Paralysed         |       |       |     2 |     1 ||     3
         Confused          |       |       |     1 |     1 ||     2
         Petrifying        |       |       |       |     2 ||     2
 Armour: Leather armour    |    62 |    95 |   348 |   249 ||   754
  Dodge: Dodged            |    89 |    72 |   325 |   251 ||   737
  Block: Buckler           |       |     9 |   195 |   192 ||   396
         Form:             |       |     1 |       |       ||     1
         Beast             |       |     1 |       |       ||     1

Table legend: (Time is in decaauts)
 A = Elapsed time spent in this place.
 B = Non-inter-level travel time spent in this place.
 C = Inter-level travel time spent in this place.
 D = Time resting spent in this place.
 E = Time spent auto-exploring this place.
 F = Levels seen in this place.
 G = Mean time per level.
                   A        B        C        D        E       F      G
               +--------+--------+--------+--------+--------+-----+--------+
         Total |  15314 |  14985 |    329 |   5681 |   6800 |  11 | 1392.2 |
       Dungeon |  15314 |  14985 |    329 |   5681 |   6800 |  11 | 1392.2 |
               +--------+--------+--------+--------+--------+-----+--------+

Top non-repeatable levels by time:
     D:1: 4085 daAuts
     D:9: 1983 daAuts
     D:8: 1471 daAuts
    D:10: 1415 daAuts
     D:7: 1280 daAuts
     D:4: 1177 daAuts
     D:3: 1049 daAuts
     D:5: 943 daAuts
     D:6: 781 daAuts
     D:2: 677 daAuts
    D:11: 449 daAuts
